 Dungeon Crawl Stone Soup version 0.29-a0-275-g389c0b56f3 (webtiles) character file.

Game seed: 10011116536390550666

13622 enile the Thaumaturge (level 12, -13/67 HPs)
             Began as a Vine Stalker Ice Elementalist on Mar 10, 2022.
             Was an Elder of Ashenzari.
             Mangled by an eight-headed hydra (14 damage)
             ... on level 2 of the Lair of Beasts.
             The game lasted 00:26:08 (11269 turns).

enile the Thaumaturge (VSIE)                       Turns: 11269, Time: 00:26:09

Health: -13/67     AC:  5    Str: 11    XL:     12   Next: 7%
Magic:  0/28       EV: 18    Int: 23    God:    Ashenzari [****..]
Gold:   551        SH:  5    Dex: 13    Spells: 20/33 levels left

rFire   . . .      SeeInvis +   H - +1 quick blade of Ashenzari's Augurer {vorpal, rC+ Will+++ Int+4 Dex-3, Cun, Range} (curse)
rCold   + . .      Faith    .   x - +0 buckler of the Unveiling Jealousy {Bglg, Comp} (curse)
rNeg    . . .      Spirit   +   a - +0 robe of Ashenzari's Affliction {Evo, Self} (curse)
rPois   .          Reflect  .   r - +0 helmet "Astrological Submission" {SInv, Fort, Melee} (curse)
rElec   .          Harm     .   (no cloak)
rCorr   .          Rampage  .   (no gloves)
Will    +++++      Clarity  +   (no boots)
Stlth   +++.......              (no amulet)
HPRegen 1.01/turn               d - ring of Ashenzari's Regret {Will+, Comp, Elem} (curse)
MPRegen 0.21/turn               e - ring of the Revealing Ordeal {EV+4, Elem, Self} (curse)

@: no status effects
A: fangs 3, regeneration 1, magic shield, antimagic bite, no potion heal 2,
iridescent scales 1, sturdy frame 1
a: Renounce Religion, Curse Item, Shatter the Chains


You were on level 2 of the Lair of Beasts.
You worshipped Ashenzari.
Ashenzari was greatly pleased with you.
You visited 2 branches of the dungeon, and saw 12 of its levels.
You also visited: Bailey.

You collected 666 gold pieces.
You spent 115 gold pieces at shops.

Inventory:

Hand Weapons
 i - a +1 scimitar
 u - a +3 short sword of speed
 z - a +0 shortbow
 H - the cursed +1 quick blade of Ashenzari's Augurer (weapon) {vorpal, rC+ Will+++ Int+4 Dex-3, Cun, Range}
   (You acquired it in a bailey)

   It inflicts extra damage upon your enemies.
   Int:       It affects your intelligence (+4).
   Dex:       It affects your dexterity (-3).
   rC:        It protects you from cold.
   Will:      It greatly increases your willpower.
   It has a curse which improves the following skills: Cunning: Dodging and
   Stealth.
   Ranged Combat: Slings, Bows, Crossbows and Throwing.
Armour
 a - the cursed +0 robe of Ashenzari's Affliction (worn) {Evo, Self}

   It has a curse which improves the following skills: Evocations: Evocations.
   Introspection: Fighting and Spellcasting.
 o - a +0 helmet
 r - the cursed +0 helmet "Astrological Submission" (worn) {SInv, Fort, Melee}
   (You bought it in a shop on level 3 of the Dungeon)

   It has a curse which improves the following skills: Fortitude: Armour and
   Shields.
   Melee Combat: Short Blades, Long Blades, Axes, Maces & Flails, Polearms,
   Staves and Unarmed Combat.
 w - the +0 ring mail "Rujyrezu" {Dex+3}
   (You found it on level 5 of the Dungeon)

   Dex:       It affects your dexterity (+3).
 x - the cursed +0 buckler of the Unveiling Jealousy (worn) {Bglg, Comp}
   (You found it on level 5 of the Dungeon)

   It has a curse which improves the following skills: Beguiling: Conjurations,
   Hexes and Translocations.
   Companions: Summonings and Necromancy.
 E - a +1 hat
 J - a +0 troll leather armour
Jewellery
 d - the cursed ring of Ashenzari's Regret (left hand) {Will+, Comp, Elem}
   (You found it on level 1 of the Dungeon)

   [ring of willpower]

   Will:      It increases your willpower.
   It has a curse which improves the following skills: Companions: Summonings
   and Necromancy.
   Elements:  Fire Magic, Ice Magic, Air Magic and Earth Magic.
 e - the cursed ring of the Revealing Ordeal (right hand) {EV+4, Elem, Self}
   (You found it on level 1 of the Dungeon)

   [ring of evasion]

   EV:        It affects your evasion (+4).
   It has a curse which improves the following skills: Elements: Fire Magic, Ice
   Magic, Air Magic and Earth Magic.
   Introspection: Fighting and Spellcasting.
 j - a ring of protection from fire
Wands
 y - a wand of iceblast (3)
 A - a wand of mindburst (3)
 C - a wand of flame (52)
Scrolls
 m - a scroll of amnesia
 p - 2 scrolls of teleportation
 q - 7 scrolls of identify
 s - a scroll of fear (quivered)
 t - 2 scrolls of vulnerability
 v - a scroll of holy word
 D - a scroll of fog
 I - a scroll of enchant armour
Potions
 b - 3 potions of magic
 c - 4 potions of invisibility
 f - 5 potions of haste
 g - 4 potions of resistance
 h - 3 potions of curing
 k - 2 potions of flight
 l - 4 potions of degeneration
 n - a potion of attraction
 B - a potion of lignification
 F - 3 potions of might
 G - a potion of brilliance


   Skills:
 - Level 6.8(9.8) Fighting
 - Level 6.5(8.5) Short Blades
 - Level 5.0(6.9) Dodging
 - Level 5.0(6.9) Stealth
 - Level 3.8(5.6) Shields
 - Level 8.0(11.0) Spellcasting
 + Level 5.3(7.2) Conjurations
 - Level 7.5(10.5) Ice Magic
 - Level 7.0(10.0) Air Magic
 - Level 3.7(5.5) Evocations


You had 20 spell levels left.
You knew the following spells:

 Your Spells              Type           Power      Damage    Failure   Level
a - Freeze                Ice            100%       1d11      1%          1
b - Frozen Ramparts       Ice            100%       1d12      1%          3
c - Hailstorm             Conj/Ice       52%        3d12      1%          4
d - Lightning Bolt        Conj/Air       25%        1d41      4%          5

Your spell library contained the following spells:

 Spells                   Type           Power      Damage    Failure   Level
 Corpse Rot               Necr/Air       72%        N/A       1%          2
 Poisonous Vapours        Pois/Air       70%        N/A       1%          2
 Ozocubu's Armour         Ice            57%        N/A       1%          3
 Airstrike                Air            28%        N/A       1%          4
 Animate Skeleton         Necr           28%        N/A       5%          1
 Pain                     Necr           56%        1d6       5%          1
 Summon Small Mammal      Summ           56%        N/A       5%          1
 Apportation              Tloc           26%        N/A       6%          1
 Summon Lightning Spire   Summ/Air       36%        N/A       8%          4
 Agony                    Necr           14%        N/A       83%         5
 Excruciating Wounds      Necr           7%         N/A       83%         5


Dungeon Overview and Level Annotations

Branches:
Dungeon (10/15)            Temple (0/1) D:4            Lair (2/6) D:9
 Bailey (visited)
  Swamp: Lair:2-4    Shoals: Lair:2-4     Snake: Lair:2-4    Spider: Lair:2-4
    Orc: D:9-12

Altars:
Ashenzari
Cheibriados
Kikubaaqudgha
Makhleb
Okawaru
Trog
Vehumet
Wu Jian
Xom
Beogh

Shops:
D:3 [   D:9 (

Annotations:
D:8 2 transporters


Innate Abilities, Weirdness & Mutations

You have razor-sharp teeth.
Your natural rate of healing is unusually fast.
When hurt, damage is shared between your health and your magic reserves.
Your bite disrupts and absorbs the magic of your enemies.
Potions cannot restore your health.
You are partially covered in iridescent scales. (AC +2)
Your movements are slightly less encumbered by armour. (ER -2)


Message History

The bolt of lightning hits the eight-headed hydra!!
The eight-headed hydra is moderately wounded.
Casting: Lightning Bolt (dangerous; 4% risk of failure)
Confirm with . or Enter, or press ? or * to list all spells.
Aiming: Lightning Bolt (dangerous; 4% risk of failure)
Press: ? - help, Shift-Dir - straight line, f - eight-headed hydra
Aim: an eight-headed hydra (moderately wounded, 88% to hit)
You hear a mighty clap of thunder!
The bolt of lightning hits the eight-headed hydra!!
The eight-headed hydra is severely wounded.
The eight-headed hydra bites you! x3
The eight-headed hydra closely misses you.
The eight-headed hydra barely misses you.
The eight-headed hydra misses you. The eight-headed hydra bites you! x2
Casting: Lightning Bolt (dangerous; 4% risk of failure)
Confirm with . or Enter, or press ? or * to list all spells.
You don't have enough magic to cast this spell.
Unknown command.
Read: 2 scrolls of fear
Press: ? - help, Q - select action, (/) - cycle Dir - look around, f - activate Look: an eight-headed hydra (severely wounded, chance to affect: 79%)
Okay, then.
Aiming: Mindburst
Press: ? - help, Shift-Dir - straight line, f/p - eight-headed hydra
Aim: an eight-headed hydra (severely wounded, chance to affect: 51%)
Okay, then.
Okay, then.
As you read the scroll of fear, it crumbles to dust.
You assume a fearsome visage.
The eight-headed hydra resists with some effort.
The eight-headed hydra bites you. The eight-headed hydra bites you!
* * * LOW HITPOINT WARNING * * *
The eight-headed hydra barely misses you.
The eight-headed hydra bites you!
* * * LOW HITPOINT WARNING * * *
You block the eight-headed hydra's attack.
The eight-headed hydra closely misses you.
The eight-headed hydra barely misses you.
The eight-headed hydra bites you!
You die...

..##.#.........##+#+## ,
,, ,
.#.#..........##.....##,
, ,
####.....†....#.#...#.#.
, ,
#.................... ,,
, #..........#...8.#.#.,
, , , *
##................... ,
.###..........#.......#
, *
.#...[........##.....#.,
, *
...............#@#+#.#,
,,* *
..........####..D....#
***
........#..8.##...#.#..#
8, *,*
........#..........,..
,, ,, ,
.........8.>..+...8. ...
,8 *
........#.....#......
..,, ,
...........8..#.......
#,8
.#.......#..####.....##*
** #....#......... , ,*
,,


You could see an eight-headed hydra.

Vanquished Creatures
  A hydra (D:9)
  A two-headed ogre (D:8)
  An orc knight (Bailey)
  A deep elf pyromancer (D:9)
  Joseph (D:8)
  2 black mambas (Lair:1)
  2 cane toads (Lair:1)
  A rime drake (Lair:2)
  3 komodo dragons
  A troll (D:9)
  Grinder (D:3)
  2 polar bears
  4 dream sheep (Lair:1)
  A wyvern (D:9)
  16 yaks
  An acid dragon (D:5)
  2 water moccasins
  An orc warrior (D:6)
  3 ice beasts (D:6)
  A sky beast (D:6)
  2 ogres
  5 wolves
  A black bear (D:6)
  8 centaurs
  A phantom (D:6)
  3 kobold brigands
  2 gnoll sergeants
  A scorpion (D:6)
  8 bullfrogs
  15 killer bees
  3 howler monkeys (D:9)
  3 jellies
  An orc priest (D:4)
  5 hounds
  Jessica (D:3)
  A gnoll shaman (D:6)
  Ijyb (D:5)
  Terence (D:2)
  11 iguanas
  4 orc wizards
  Natasha (thrice) (D:2)
  22 gnolls
  10 adders
  A white imp (D:7)
  3 dart slugs
  25 orcs
  5 bats
  7 endoplasms
  3 giant cockroaches
  3 hobgoblins
  2 jackals (D:3)
  A quokka (D:3)
  A ball python (D:3)
  4 goblins
  22 kobolds
  2 rats (D:2)
237 creatures vanquished.

Vanquished Creatures (others)
  13 fungi
  18 plants
  6 toadstools (D:8)
37 creatures vanquished.

Grand Total: 274 creatures vanquished

Notes
Turn   | Place    | Note
-------+----------+-------------------------------------------
     0 | D:1      | enile the Vine Stalker Ice Elementalist began the quest for
                  | the Orb.
     0 | D:1      | Reached XP level 1. HP: 9/9 MP: 4/4
   280 | D:1      | Reached skill level 1 in Fighting
   436 | D:2      | Found a radiant altar of Vehumet.
   438 | D:2      | Noticed Natasha
   451 | D:2      | Killed Natasha
   452 | D:2      | Reached XP level 2. HP: 14/15 MP: 3/6
   452 | D:2      | Reached XP level 3. HP: 17/18 MP: 4/8
   536 | D:2      | Reached skill level 3 in Spellcasting
   570 | D:2      | Noticed Terence
   581 | D:2      | Killed Terence
   582 | D:2      | Gained mutation: Your natural rate of healing is unusually
                  | fast. [Vine Stalker growth]
   582 | D:2      | Reached XP level 4. HP: 22/23 MP: 5/9
   613 | D:2      | Noticed Natasha
   621 | D:2      | Killed Natasha
   966 | D:2      | Noticed Natasha
   971 | D:2      | Killed Natasha
   972 | D:2      | Reached XP level 5. HP: 22/28 MP: 4/10
  1048 | D:2      | Found a faded altar of an unknown god.
  1052 | D:2      | Prayed at the altar of an unknown god.
  1052 | D:2      | Became a worshipper of Ashenzari the Shackled
  1240 | D:3      | Learned a level 3 spell: Frozen Ramparts
  1377 | D:3      | Noticed Grinder
  1381 | D:3      | Paralysed by Grinder for 6 turns
  1398 | D:3      | Killed Grinder
  1399 | D:3      | Reached skill level 4 in Spellcasting
  1399 | D:3      | Reached XP level 6. HP: 14/33 MP: 4/14
  1733 | D:3      | Found an ornate altar of the Wu Jian Council.
  1818 | D:3      | Noticed Jessica
  1839 | D:3      | Killed Jessica
  1895 | D:3      | Found Faddips's Armour Boutique.
  1903 | D:3      | Bought a +0 helmet of see invisible for 115 gold pieces
  1940 | D:3      | Reached * piety under Ashenzari
  2119 | D:4      | Reached XP level 7. HP: 38/38 MP: 15/15
  2156 | D:4      | Found a shimmering altar of Xom.
  2422 | D:4      | Found a staircase to the Ecumenical Temple.
  2497 | D:4      | Reached skill level 1 in Short Blades
  2700 | D:4      | Reached ** piety under Ashenzari
  2969 | D:4      | Found a shimmering altar of Xom.
  3144 | D:5      | Entered Level 5 of the Dungeon
  3220 | D:5      | Identified the +0 ring mail "Rujyrezu" {Dex+3}
  3409 | D:5      | Gained mutation: You have razor-sharp teeth. [Vine Stalker
                  | growth]
  3409 | D:5      | Reached XP level 8. HP: 44/44 MP: 18/18
  3441 | D:5      | Found a burning altar of Makhleb.
  3471 | D:5      | Found an iron altar of Okawaru.
  3564 | D:5      | Noticed Ijyb
  3574 | D:5      | Reached skill level 1 in Evocations
  3579 | D:5      | Killed Ijyb
  4164 | D:6      | Reached skill level 1 in Shields
  4227 | D:6      | Reached skill level 5 in Spellcasting
  4232 | D:6      | Learned a level 4 spell: Hailstorm
  4264 | D:6      | Reached skill level 1 in Conjurations
  4314 | D:6      | Reached XP level 9. HP: 48/48 MP: 20/20
  4615 | D:6      | Reached skill level 5 in Ice Magic
  4928 | D:6      | Reached *** piety under Ashenzari
  4981 | D:6      | Found a bloodstained altar of Trog.
  4987 | D:6      | Reached skill level 5 in Fighting
  5702 | D:6      | Reached skill level 5 in Short Blades
  5815 | D:7      | Reached XP level 10. HP: 56/56 MP: 22/22
  6123 | D:8      | Found a radiant altar of Vehumet.
  6124 | D:8      | Found an ancient bone altar of Kikubaaqudgha.
  6124 | D:8      | Found a broken altar of Ashenzari.
  6125 | D:8      | Found a snail-covered altar of Cheibriados.
  6189 | D:8      | Found a transporter.
  6196 | D:8      | Noticed a two-headed ogre
  6354 | D:8      | Noticed Joseph
  6368 | D:8      | Killed Joseph
  6369 | D:8      | Reached skill level 5 in Dodging
  6681 | D:8      | Noticed a two-headed ogre
  6706 | D:8      | Killed a two-headed ogre
  7140 | D:8      | Reached skill level 5 in Stealth
  7469 | D:8      | Found a transporter.
  7646 | D:9      | Found a flagged portal.
  7654 | Bailey   | Entered a bailey
  7893 | Bailey   | Identified a scroll of acquirement
  7893 | Bailey   | Noticed an orc knight
  7919 | Bailey   | Killed an orc knight
  8074 | Bailey   | Acquired the +1 quick blade of Plunder {vorpal, rC+ Will+++
                  | Int+4 Dex-3}
  8219 | Bailey   | Gained mutation: You are weak. (Str -2) [potion of
                  | mutation]
  8219 | Bailey   | Gained mutation: You are clumsy. (Dex -2) [potion of
                  | mutation]
  8219 | Bailey   | Gained mutation: Your movements are slightly less
                  | encumbered by armour. (ER -2) [potion of mutation]
  8219 | Bailey   | Gained mutation: You have hidden genetic potential. [potion
                  | of mutation]
  8220 | Bailey   | Lost mutation: You are clumsy. (Dex -2) [potion of
                  | mutation]
  8220 | Bailey   | Lost mutation: You have hidden genetic potential. [potion
                  | of mutation]
  8220 | Bailey   | Lost mutation: You are weak. (Str -2) [potion of mutation]
  8220 | Bailey   | Gained mutation: You are partially covered in iridescent
                  | scales. (AC +2) [potion of mutation]
  8593 | D:9      | Found a staircase to the Lair.
  8642 | D:9      | Noticed a deep elf pyromancer
  8656 | D:9      | Killed a deep elf pyromancer
  8657 | D:9      | Reached XP level 11. HP: 30/62 MP: 12/23
  8663 | D:9      | Learned a level 5 spell: Lightning Bolt
  8722 | D:9      | Reached skill level 1 in Air Magic
  8866 | D:9      | Noticed a five-headed hydra
  8935 | D:9      | Found Faceqoesm's Weapon Shoppe.
  8993 | D:9      | Killed a five-headed hydra
  9521 | Lair:1   | Entered Level 1 of the Lair of Beasts
  9709 | Lair:1   | Reached **** piety under Ashenzari
  9732 | Lair:1   | Reached skill level 6 in Spellcasting
  9748 | Lair:1   | HP: 3/63 [poisoned by a black mamba]
  9752 | Lair:1   | Reached skill level 5 in Air Magic
 10408 | D:10     | Entered Level 10 of the Dungeon
 10737 | Lair:1   | Reached skill level 5 in Conjurations
 10751 | Lair:1   | Reached skill level 7 in Spellcasting
 10798 | Lair:1   | Identified the +8 chain mail of the Morning Star {rElec rC-
                  | Dex-3 SInv}
 11045 | Lair:2   | Reached XP level 12. HP: 67/67 MP: 11/27
 11107 | Lair:2   | Reached skill level 8 in Spellcasting
 11265 | Lair:2   | Noticed an eight-headed hydra
 11269 | Lair:2   | HP: 1/67 [eight-headed hydra (8)]
 11269 | Lair:2   | Mangled by an eight-headed hydra

Illustrated notes

Levels and vault maps discovered:
D:1:      co_arrival_square_in_a_square_in_a_square, layout_rooms,
          chequers_avenue, chequers_mini_garden
D:2:      layout_rooms, basic_altar, shapermc_ecumenical_altar_acropolis,
          uniq_terence, uniq_natasha
D:3:      layout_basic, mainiacjoe_overflow_alcove_1, serial_shops,
          nicolae_shop_advertising_works [nicolae_subvault_shop_adworks],
          uniq_grinder, uniq_jessica
D:4:      layout_basic, xom_redecorated, minmay_temple_entry_waves
D:5:      layout_loops_cross, amethyst_overflow_temple_binary, uniq_ijyb
D:6:      layout_loops_ring, trog_butcher_becter
D:7:      layout_gridville, grunt_ogre_cave
D:8:      gammafunk_beogh_shrine, layout_basic,
          chequers_temple_overflow_statue_of_worship, minmay_gold_behind_fungi,
          minmay_misc_feat_encased, abandoned_shop, uniq_joseph
D:9:      layout_irregular_city, dpeg_oklobed_lair, serial_shops, shop,
          enter_bailey_2
D:10:     layout_cave_pools, nicolae_elyvilon_temple_path, corexii_checkpoint_a
Lair:1:   layout_chaotic_city, grunt_forest_large_clearing_hut
Lair:2:   layout_cave_pods, columned_hall_lemuel,
          chequers_serial_rivers_micro_c, beast_lair_carwin_11,
          serial_bayou_shore_b, grunt_megastairs_1

Skill      XL: |  1  2  3  4  5  6  7  8  9 10 11 12 |
---------------+-------------------------------------+-----
Fighting       | 2 3 4 5 6 |  6.8
Spellcasting   | 3 4 5 7 8 |  8.0
Stealth        | 3 5 |  5.0
Dodging        | 2 3 4 5 |  5.0
Short Blades   | 2 3 5 6 |  6.5
Evocations     | 3 |  3.7
Shields        | 2 3 |  3.8
Conjurations   | 2 4 5 |  5.3
Ice Magic      | 5 7 |  7.5
Air Magic      | 7 |  7.0

Action                   |  1- 3 |  4- 6 |  7- 9 | 10-12 || total
-------------------------+-------+-------+-------+-------++-------
Melee: Scimitar          |    19 |    52 |    12 |       ||    83
       Unarmed           |     6 |       |       |       ||     6
       Bite              |     3 |    10 |    82 |   104 ||   199
       Short sword       |       |       |   227 |    50 ||   277
       Punch             |       |       |     1 |       ||     1
       Quick blade       |       |       |       |   233 ||   233
Throw: Throwing net      |       |       |       |     3 ||     3
 Cast: Freeze            |    13 |    19 |    38 |    18 ||    88
       Frozen Ramparts   |       |     2 |    12 |     9 ||    23
       Hailstorm         |       |       |    13 |    38 ||    51
       Lightning Bolt    |       |       |       |    47 ||    47
Invok: Curse Item        |       |     2 |     3 |     1 ||     6
Evoke: Wand              |       |       |       |     6 ||     6
  Use: Scroll            |       |     1 |     2 |     5 ||     8
       Potion            |       |       |       |     3 ||     3
 Stab: Sleeping          |       |     6 |     4 |     6 ||    16
       Distracted        |       |       |     1 |       ||     1
Armor: Robe              |     5 |     9 |    22 |    23 ||    59
Dodge: Dodged            |    31 |    57 |   162 |   199 ||   449
Block: Buckler           |       |       |    21 |    87 ||   108

Table legend: (Time is in decaauts)
 A = Elapsed time spent in this place.
 B = Non-inter-level travel time spent in this place.
 C = Inter-level travel time spent in this place.
 D = Time resting spent in this place.
 E = Time spent auto-exploring this place.
 F = Levels seen in this place.
 G = Mean time per level.
                   A        B        C        D        E       F      G
               +--------+--------+--------+--------+--------+-----+--------+
         Total |  11044 |  10668 |    376 |    644 |   8175 |  13 |  849.5 |
       Dungeon |   9219 |   8846 |    373 |    460 |   6984 |  10 |  921.9 |
          Lair |   1268 |   1265 |      3 |    184 |    800 |   2 |  634.0 |
        Bailey |    556 |    556 |      0 |      0 |    391 |   1 |  556.0 |
               +--------+--------+--------+--------+--------+-----+--------+

Top non-repeatable levels by time:
     D:9: 1694 daAuts
     D:8: 1490 daAuts
     D:6: 1461 daAuts
     D:4: 1060 daAuts
  Lair:1: 1011 daAuts
     D:3: 893 daAuts
     D:2: 802 daAuts
     D:5: 774 daAuts
     D:7: 635 daAuts
  Bailey: 556 daAuts
     D:1: 405 daAuts
  Lair:2: 257 daAuts
    D:10: 1 daAuts
